AoeStats
← Woohoojin

Nomad

505776439Analyzed
4v4 RM · 22d ago on Sep 11, 2026· 35m 8s· 8 players
Game mode
Random Map
Map size
231×231
Population
200
Speed
Normal
Resources
Standard
Victory
Conquest
Starting age
Dark Age
Ending age
Imperial Age
RankedLock teamsTeams togetherTeam positionsShared explorationLock speedFull tech treeHidden civsTurbo modeCheats
Victory
Defeat
🇺🇸 Mongols · United States
1060
+12
🇺🇸 Slavs · United States
1054
+12
🇺🇸 Japanese · United States
1013
+14
🇺🇸 Khmer · United States
965
+16
🇲🇽 Sicilians · Mexico
1001
-15
🇨🇱 Lithuanians · Chile
999
-15
🇨🇱 Khmer · Chile
954
-13
🇺🇸 Magyars · United States
907
-11
tequilamockingbird
5:18 Loom
16:59 Feudal Age
25:19 Castle Age
25:11 Padded Archer Armor
25:01 Fletching
27:52 Horse Collar
28:25 Corvinian Army
33:59 Scale Barding Armor
Ratchet2krox
6:17 Loom
13:26 Feudal Age
17:39 Castle Age
17:00 Double-Bit Axe
17:56 Scale Mail Armor
23:19 Forging
25:58 Iron Casting
25:39 Chain Mail Armor
28:18 Fletching
29:02 Padded Archer Armor
28:58 Bodkin Arrow
31:03 Leather Archer Armor
the._.voice
3:52 Loom
14:37 Feudal Age
16:52 Double-Bit Axe
17:53 Wheelbarrow
20:24 Castle Age
Gats
16:15 Feudal Age
20:16 Double-Bit Axe
24:52 Wheelbarrow
28:16 Castle Age
Kiplacon
13:59 Feudal Age
14:04 Man-at-Arms
16:21 Double-Bit Axe
18:08 Horse Collar
20:25 Wheelbarrow
25:39 Castle Age
24:54 Scale Barding Armor
24:49 Scale Mail Armor
24:59 Forging
25:20 Forging
25:51 Stone Mining
25:56 Gold Mining
27:39 Gold Shaft Mining
27:40 Squires
Woohoojin
15:08 Feudal Age
15:22 Man-at-Arms
19:27 Double-Bit Axe
Devilsta
13:25 Loom
16:24 Feudal Age
17:05 Fishing Lines
19:56 Castle Age
19:25 Stone Mining
19:54 Fletching
20:04 Double-Bit Axe
20:32 Padded Archer Armor
21:15 Gillnets
23:03 Bodkin Arrow
23:24 Leather Archer Armor
23:37 Bow Saw
26:15 Wheelbarrow
25:27 Town Watch
26:38 Gold Mining
27:20 Ballistics
27:17 Bloodlines
27:07 Husbandry
27:40 Hand Cart
34:18 Imperial Age
32:38 Town Patrol
36:15 Chemistry
35:27 Bracer
ClimbingMango65
15:38 Feudal Age
19:23 Castle Age
17:11 Double-Bit Axe
18:13 Fishing Lines
18:58 Forging
18:48 Scale Mail Armor
20:00 Gillnets
22:17 Wheelbarrow
21:47 Squires
21:08 Pikeman
22:27 Iron Casting
22:07 Chain Mail Armor
23:15 Gold Mining
23:17 Stone Mining
23:24 Stone Mining
24:00 Arson
25:14 Hand Cart
26:14 Gambesons
35:16 Imperial Age
Connection lost

Rejoining the realm…

Still unreachable

The connection could not be restored.

Session expired

The server has moved on; the page needs a fresh start.